 Dungeon Crawl Stone Soup version 0.31-a0-175-g9f7f995f2b (webtiles) character file.

Game seed: 4458535172653997561

118 jasper the Ducker (level 4, 0/22 HPs)
             Began as a Spriggan Earth Elementalist on June 16, 2023.
             Slain by an orc wizard
             ... wielding a +0 dagger
              (1 damage)
             ... on level 3 of the Dungeon.
             The game lasted 00:02:43 (3080 turns).

jasper the Ducker (Spriggan Earth Elementalist)     Turns: 3080, Time: 00:02:43

Health: 0/22       AC:  2    Str:  4    XL:     4   Next: 72%
Magic:  5/9        EV: 18    Int: 18    God:
Gold:   193        SH:  0    Dex: 15    Spells: 3/9 levels left

rFire   . . .        e - +3 dagger
rCold   . . .        (no shield)
rNeg    . . .        a - +0 robe
rPois   .            (helmet restricted)
rElec   .            (no cloak)
rCorr   .            (gloves unavailable)
SInv    +            (boots unavailable)
Will    .....        (no amulet)
Stlth   ++           (no ring)
HPRegen 0.23/turn    (no ring)
MPRegen 0.11/turn

%: no passive effects
@: very quick
A: very small, no large weapons, unfitting armour, see invisible, speed 3
a: no special abilities


You were on level 3 of the Dungeon.
You visited 1 branch of the dungeon, and saw 3 of its levels.

You collected 193 gold pieces.

Inventory:

Hand Weapons
 e - a +3 dagger (weapon)
Armour
 a - a +0 robe (worn)
Wands
 h - a wand of polymorph (12)
Scrolls
 c - a scroll of fog
 f - 2 scrolls of vulnerability
 i - a scroll of noise {unknown}
 j - 2 scrolls of identify
 k - a scroll of silence {unknown}
Potions
 b - a potion of magic
 d - 5 potions of curing
 g - 2 potions of attraction {unknown}


   Skills:
 + Level 1.5 Fighting
 + Level 4.0 Dodging
 - Level 3.0 Stealth
 - Level 3.0 Spellcasting
 - Level 1.3 Transmutations
 * Level 3.9 Earth Magic


You had 3 spell levels left.
You knew the following spells:

 Your Spells              Type           Power      Damage    Failure   Level
a - Sandblast             Erth           32%        2d9       3%          1
b - Passwall              Tmut/Erth      10%        N/A       9%          2
c - Stone Arrow           Conj/Erth      18%        3d8       22%         3

Your spell library contained the following spells:

 Spells                   Type           Power      Damage    Failure   Level
 Cigotuvi's Dreadful Rot  Necr/Pois/Air  4%         N/A       24%         2
 Ignite Poison            Fire/Tmut/Pois 4%         N/A       38%         3
 Frozen Ramparts          Ice            4%         1d1       43%         3
 Inner Flame              Hex/Fire       2%         N/A       43%         3
 Petrify                  Tmut/Erth      12%        N/A       50%         4
 Ice Form                 Ice/Tmut       5%         N/A       77%         4
 Summon Ice Beast         Ice/Summ       2%         N/A       85%         4
 Yara's Violent Unravell  Hex/Tmut       2%         3d3       98%         5
 Freezing Cloud           Conj/Ice/Air   1%         6-21      99%         5
 Enfeeble                 Hex            1%         N/A       100%        7


Dungeon Overview and Level Annotations

Branches:
Dungeon (3/15)

Altars:


Innate Abilities, Weirdness & Mutations

You are very small and have problems with some larger weapons.
You are too small for most types of armour.
You have supernaturally acute eyesight. (SInv)
You cover ground extremely quickly. (Speed+++)


Message History

You now have 193 gold pieces (gained 7).
k - a scroll labelled NEBBAI ZEAGO An orc wizard and 2 orcs come into view.
An orc is wielding a +0 short sword of holy wrath.
There are monsters nearby!
The orc wizard shouts!
The orc shouts! x2
Aiming: Sandblast (safe; 3% risk of failure)
Press: ? - help, Q - select action, (/) - cycle Shift-Dir - straight line, f - orc
Aim: an orc, wielding a +0 whip and wearing a +0 scale mail (84% to hit)
The blast of sand hits the orc but does no damage.
You now have 8/9 mp.
Aiming: Sandblast (safe; 3% risk of failure)
Press: ? - help, Q - select action, (/) - cycle Shift-Dir - straight line, f/p - orc
Aim: an orc, wielding a +0 whip and wearing a +0 scale mail (84% to hit)
The blast of sand hits the orc but does no damage.
The orc hits you with a +0 whip.
The orc wizard gestures wildly while chanting.
The orc wizard flickers and vanishes for a moment.
The orc barely misses you.
You take 3 damage, and have 19/22 hp.
You now have 7/9 mp.
Aiming: Sandblast (safe; 3% risk of failure)
Press: ? - help, Q - select action, (/) - cycle Shift-Dir - straight line, f/p - orc
Aim: an orc, wielding a +0 whip and wearing a +0 scale mail (84% to hit)
The blast of sand hits the orc!
You kill the orc!
The orc wizard hits you with a +0 dagger.
You take 2 damage, and have 17/22 hp.
You now have 6/9 mp.
Aiming: Sandblast (safe; 3% risk of failure)
Press: ? - help, Q - select action, (/) - cycle Shift-Dir - straight line, f - orc
Aim: an orc, wielding a +0 short sword of holy wrath (82% to hit)
The blast of sand hits the orc.
The orc is heavily wounded.
The orc wizard points at you and mumbles some strange words.
The puff of flame hits you!
Ouch! That really hurt!
* * * LOW HITPOINT WARNING * * *
The orc hits you with a +0 short sword of holy wrath.
* * * LOW HITPOINT WARNING * * *
The orc wizard hits you with a +0 dagger.
You die...

.'......#.......#
.#.###.####.#####)#
.#.# #.##....(.....
.#.##..##.#.#####.#
##....# #.#.# .#
#..#####.#.# .#
#........#.# .#
##...######.#
###.#####
.#..........#
#.@o....#
......#######
#.#o...## >.....#
#######.######
...#..#
.............#
...#..#
#######.####.##
...#..#
#....#.....#
...#..#
.....#..#.#####
...#..###########.#
..##..............#


You could see an orc wizard (invisible) and an orc.

Vanquished Creatures
  3 gnolls (D:3)
  2 adders (D:2)
  3 worms
  An orc (D:3)
  7 endoplasms
  7 goblins
  5 hobgoblins
  3 jackals (D:1)
  A quokka (D:2)
  8 ball pythons
  4 bats
  3 frilled lizards
  10 kobolds
  3 rats (D:1)
60 creatures vanquished.

Notes
Turn   | Place    | Note
-------+----------+-------------------------------------------
     0 | D:1      | jasper the Spriggan Earth Elementalist began the quest for
                  | the Orb.
     0 | D:1      | Reached XP level 1. HP: 9/9 MP: 5/5
   309 | D:1      | Reached XP level 2. HP: 14/14 MP: 0/6
   312 | D:1      | Learned a level 2 spell: Passwall
   499 | D:1      | Reached skill level 3 in Dodging
  1338 | D:2      | Reached XP level 3. HP: 17/17 MP: 5/8
  1342 | D:2      | Learned a level 3 spell: Stone Arrow
  1479 | D:2      | Reached skill level 1 in Fighting
  1797 | D:2      | Reached XP level 4. HP: 22/22 MP: 7/9
  2788 | D:3      | Reached skill level 4 in Dodging
  3080 | D:3      | HP: 1/22 [orc/+0 short sword of holy wrath (4)]
  3080 | D:3      | Slain by an orc wizard

Illustrated notes

Levels and vault maps discovered:
D:1:      sevenhm_arrival_forest_fort_large_1, layout_basic, st_stairs_4,
          hex_intersection
D:2:      minmay_chambers_of_twos, layout_basic
D:3:      layout_basic, chequers_serial_rivers_room_b

Skill      XL: |  1  2  3  4 |
---------------+-------------+-----
Dodging        | 3 4 |  4.0
Earth Magic    | 3 |  3.9
Spellcasting   | 3 |  3.0
Fighting       | 1 |  1.5
Stealth        | |  3.0
Transmutations | |  1.3

Action                     |  1- 3 |  4- 6 || total
---------------------------+-------+-------++-------
  Melee: Dagger            |     1 |       ||     1
   Cast: Sandblast         |    66 |    26 ||    92
    Use: Scroll            |     3 |     2 ||     5
 Armour: Robe              |     3 |       ||     3
  Dodge: Dodged            |    20 |     2 ||    22

Table legend: (Time is in decaauts)
 A = Elapsed time spent in this place.
 B = Non-inter-level travel time spent in this place.
 C = Inter-level travel time spent in this place.
 D = Time resting spent in this place.
 E = Time spent auto-exploring this place.
 F = Levels seen in this place.
 G = Mean time per level.
                   A        B        C        D        E       F      G
               +--------+--------+--------+--------+--------+-----+--------+
         Total |   2292 |   2262 |     30 |    105 |   1877 |   3 |  764.0 |
       Dungeon |   2292 |   2262 |     30 |    105 |   1877 |   3 |  764.0 |
               +--------+--------+--------+--------+--------+-----+--------+

Top non-repeatable levels by time:
     D:2: 1099 daAuts
     D:1: 832 daAuts
     D:3: 361 daAuts
